 Dungeon Crawl Stone Soup version 0.22-a0-479-gc6e99f3 (webtiles) character file.

127 galech the Skirmisher (level 5, -12/55 HPs)
             Began as an Ogre Berserker on June 14, 2018.
             Was a Believer of Trog.
             Mangled by a wight
             ... wielding a cursed +0 great sword
              (16 damage)
             ... on level 2 of the Dungeon.
             The game lasted 00:01:31 (1273 turns).

galech the Skirmisher (Ogre Berserker)              Turns: 1273, Time: 00:01:32

Health: -12/55     AC:  3    Str: 22    XL:     5   Next: 11%
Magic:  5/5        EV: 10    Int:  8    God:    Trog [**....]
Gold:   34         SH:  0    Dex:  8    Spells: 4/4 levels left

rFire    . . .     SeeInvis .   a - +0 mace
rCold    . . .     Gourm    .   (no shield)
rNeg     . . .     Faith    .   b - +0 animal skin
rPois    .         Spirit   .   (helmet restricted)
rElec    .         Reflect  .   i - scarf {cloud immunity}
rCorr    .         Harm     .   (gloves unavailable)
MR       .....                  (boots unavailable)
Stlth    +.........             (no amulet)
HPRegen  0.18/turn              (no ring)
MPRegen  0.09/turn              (no ring)

@: berserk cooldown, slowed, drained, very slow
A: large, unfitting armour, tough skin 1
a: Berserk, Trog's Hand, Renounce Religion


You were on level 2 of the Dungeon.
You worshipped Trog.
Trog was pleased with you.
You were hungry.

You visited 1 branch of the dungeon, and saw 2 of its levels.

You collected 34 gold pieces.

Inventory:

Hand Weapons
 a - a +0 mace (weapon)
Armour
 b - a +0 animal skin (worn)
 i - a scarf of cloud immunity (worn)
Scrolls
 d - a scroll of remove curse {unknown}
 e - 2 scrolls of identify {unknown}
 f - a scroll of teleportation {unknown}
 g - a scroll of blinking {unknown}
 h - 3 scrolls of enchant weapon {unknown}
 j - a scroll of immolation {unknown}
Comestibles
 c - 3 rations


   Skills:
 + Level 4.9(4.2) Fighting
 + Level 4.1(3.4) Maces & Flails
 + Level 3.4(2.7) Dodging
 + Level 0.2(0.0) Stealth


You had 4 spell levels left.
You didn't know any spells.
Your spell library was empty.

Dungeon Overview and Level Annotations

Branches:
Dungeon (2/15)

Altars:


Innate Abilities, Weirdness & Mutations

You are too large for most types of armour.
You have tough skin. (AC +1)


Message History

You are too injured to fight recklessly!
You are too injured to fight recklessly!
You are too injured to fight recklessly!
You are too injured to fight recklessly!
You are too injured to fight recklessly!
You are too injured to fight recklessly!
You are too injured to fight recklessly!
You are too injured to fight recklessly!
You are too injured to fight recklessly!
You are too injured to fight recklessly!
You are too injured to fight recklessly!
You are too injured to fight recklessly!
You are too injured to fight recklessly!
You are too injured to fight recklessly!
The wight hits you with a great sword!
* * * LOW HITPOINT WARNING * * *
You feel drained.
* * * LOW HITPOINT WARNING * * *
The wight hits you with a great sword!
You die...

##...## ##.# ##.....##
##.# ##.......## ##..#
###.........####...##
..+.........z)..z...#
###.........####....#
##......<## #z..>#
##.....## #z#..##
##...## #@#...# ##+##
#.##..# ## #.# #.##..#
.# #.# #####.....# .#
##.## #......##.#
.#####...###.####.##.#
.##.#.....##.####.##.#
...#.#...###.##......#
.##.###.####.##.#.####


You could see 3 wights.

Vanquished Creatures
  2 wights (D:2)
  An adder (D:2)
  3 dart slugs (D:1)
  A leopard gecko (D:1)
  2 bats (D:1)
  3 giant cockroaches (D:1)
  4 goblins
  3 hobgoblins
  4 frilled lizards (D:1)
  6 kobolds
  4 rats
33 creatures vanquished.

Notes
Turn   | Place    | Note
-------+----------+-------------------------------------------
     0 | D:1      | galech the Ogre Berserker began the quest for the Orb.
     0 | D:1      | Reached XP level 1. HP: 24/24 MP: 1/1
   209 | D:1      | Reached XP level 2. HP: 18/32 MP: 2/2
   627 | D:1      | Reached XP level 3. HP: 39/40 MP: 3/3
  1258 | D:2      | Reached XP level 4. HP: 49/49 MP: 4/4
  1260 | D:2      | Reached XP level 5. HP: 55/55 MP: 5/5
  1261 | D:2      | Reached ** piety under Trog
  1273 | D:2      | Mangled by a wight

Vault maps used:
D:1:      minmay_arrival_up_and_down, serial_bayou_pond_b
D:2:      uniq_sigmund, uniq_natasha

Skill      XL: |  1  2  3  4 |
---------------+-------------+-----
Maces & Flails | 3 4 |  4.1
Dodging        | 3 |  3.4
Fighting       | |  4.9
Stealth        | |  0.2

Action                   |  1- 3 |  4- 6 || total
-------------------------+-------+-------++-------
Melee: Mace              |    81 |     8 ||    89
Invok: Berserk           |     2 |       ||     2
  Eat: Chunk             |     2 |       ||     2
Armor: Animal skin       |    26 |       ||    26
Dodge: Dodged            |    47 |     1 ||    48

Table legend:
 A = Spawn XP
 B = Non-spawn XP
 C = Spawn XP percentage of total XP
 D = Spawn monster count
 E = Non-spawn monster count
 F = Spawn count percentage of total count
 G = Total turns spent on level
                    A         B        C        D         E        F      G
               +---------+---------+-------+---------+---------+-------+---------
         Total |       0 |     182 |   0.0 |       0 |      33 |   0.0 |  1273
               +---------+---------+-------+---------+---------+-------+---------
           D:1 |       0 |      44 |   0.0 |       0 |      24 |   0.0 |   981
           D:2 |       0 |     138 |   0.0 |       0 |       9 |   0.0 |   292
               +---------+---------+-------+---------+---------+-------+---------
